 Dungeon Crawl Stone Soup version 0.18-a0-1702-gd20c6a5 (webtiles) character file.

1675 LemonStealingWhore the Covert (level 9, -5/54 HPs)
             Began as an Octopode Assassin on Apr 6, 2016.
             Was a Priest of Dithmenos.
             Slain by Voda's ghost (7 damage)
             ... while paralysed by Voda's ghost
             ... on level 6 of the Dungeon.
             The game lasted 00:18:49 (5746 turns).

LemonStealingWhore the Covert (Octopode Assassin)   Turns: 5746, Time: 00:18:50

Health: -5/54      AC:  7    Str: 13    XL:     9   Next: 1%
Magic:  16/16      EV:  2    Int: 15    God:    Dithmenos [***...]
Gold:   388        SH:  0    Dex: 12    Spells: 1 memorised, 17 levels left

rFire  . . .     SeeInvis .     a - +2 dagger
rCold  . . .     Gourm    .     B - +0 buckler "Daasoon" {Str+2}
rNeg   . . .     Faith    .     e - +2 hat
rPois  +         Spirit   .     (no amulet)
rElec  .         Dismiss  .     u - ring of poison resistance
rCorr  +         Reflect  .     g - +3 ring of protection
SustAt .         Harm     .     E - ring of stealth
MR     .....     Clarity  +     m - ring of resist corrosion
Stlth  ++++++++..               (no ring)
                                (no ring)
                                (no ring)
                                (no ring)

@: paralysed, lethally poisoned (-5 -> -5), very slightly contaminated, hasted,
wreathed by umbra, not resistant to hostile enchantments, extraordinarily
stealthy
A: almost no armour, amphibious, 8 rings, constrict 8, icy blue scales 1,
camouflage 1, clarity, clumsy 1, regeneration 1, gelatinous body 1
a: Shadow Step, Renounce Religion


You were on level 6 of the Dungeon.
You worshipped Dithmenos.
Dithmenos was most pleased with you.
You were not hungry.

You visited 1 branch of the dungeon, and saw 6 of its levels.

You collected 388 gold pieces.

Inventory:

Hand Weapons
 a - a +2 dagger (weapon)
 b - a +0 blowgun
Missiles
 c - 24 poisoned needles
 d - 2 curare-tipped needles
 z - a throwing net (quivered)
Armour
 e - a +2 hat (worn)
 B - the +0 buckler "Daasoon" (worn) {Str+2}
   (You found it on level 5 of the Dungeon)

   It affects your strength (+2).
Jewellery
 g - a +3 ring of protection (right tentacle)
 m - a ring of resist corrosion (on tentacle)
 u - a ring of poison resistance (left tentacle)
 D - an uncursed ring of ice
 E - a ring of stealth (on tentacle)
Wands
 p - a wand of enslavement (12/24)
 G - a wand of disintegration (3/24)
Scrolls
 i - a scroll of fog
 l - a scroll of magic mapping
 n - a scroll of enchant armour
 q - a scroll of random uselessness
 w - 4 scrolls of remove curse
 x - 3 scrolls of teleportation
 y - a scroll of identify
 A - 2 scrolls of enchant weapon
Potions
 o - 2 potions of curing
 t - a potion of invisibility
Books
 C - Baguazil's Compendium of Fetching Confrontation
   (You found it on level 5 of the Dungeon)

   Spells                             Type                      Level
   a - Corona                         Hexes                        1
   b - Summon Guardian Golem          Hexes/Summoning              3
   c - Discord                        Hexes                        8
Comestibles
 f - a bread ration
 h - 3 slices of pizza
 j - a fruit
 k - 6 meat rations


   Skills:
 - Level 2.0 Fighting
 * Level 7.6 Short Blades
 - Level 2.0 Throwing
 - Level 1.0 Dodging
 + Level 8.1 Stealth
 * Level 3.4 Shields
 - Level 5.1 Spellcasting
 - Level 1.4 Hexes


You had 17 spell levels left.
You knew the following spells:

 Your Spells              Type           Power        Failure   Level  Hunger
a - Corona                Hex            #......      12%         1    None


Dungeon Overview and Level Annotations

Branches:
Dungeon (6/15)             Temple (0/1) D:5

Altars:
Ashenzari
Cheibriados
Dithmenos
Elyvilon
Makhleb
Sif Muna

Shops:
D:5 =

Annotations:
D:6 Voda's ghost, novice OpCK


Innate Abilities, Weirdness & Mutations

You cannot wear most types of armour.
You are amphibious.
You can wear up to eight rings at the same time.
You can use your tentacles to constrict eight enemies at once.
Your skin changes colour to match your surroundings (Stealth).
Your rubbery body absorbs attacks (AC +1).
You are partially covered in icy blue scales (AC +1).
You possess an exceptional clarity of mind.
You are clumsy. (Dex -2)
Your natural rate of healing is unusually fast.


Message History

Voda's ghost is heavily damaged.
You feel sick.
You closely miss Voda's ghost.
Voda's ghost is heavily damaged.
Voda's ghost hits you!
You suddenly lose the ability to move!
You feel sick. Voda's ghost hits you!
You feel sick.
Voda's ghost hits you but does no damage.
Voda's ghost hits you but does no damage.
You feel yourself speed up.
You are very lightly contaminated with residual magic.
You feel sick. Voda's ghost hits you. Voda's ghost burns you.
Voda's ghost hits you.
* * * LOW HITPOINT WARNING * * *
You feel sick.
Voda's ghost hits you but does no damage.
You are electrocuted!
* * * LOW HITPOINT WARNING * * *
Voda's ghost hits you!
You die...

#.....##...#...W.....##
#.....#÷.................
#........?÷....>.........
#.............$..W.......
#.............####...#...
#.....#................#.
.
#.....#............###..
.
######....W............#
###
#.....@..##...###.###..
#........# ##......##..
##.....#<######.#...)..
##...##..).....##.....
#...##........###.....
#.## #.#......##...... #.
#.#.........#.#.. #
..#..............
.......#######....


You could see Voda's ghost.

Vanquished Creatures
  The ghost of Chiseanne the Skirmisher, an amateur DsMo (D:4)
  The ghost of OrbSalesman the Conjurer, an amateur DsWn (D:3)
  A phantom (D:5)
  2 ogres
  2 centaurs (D:5)
  A crimson imp (D:5)
  5 hounds
  A gnoll shaman (D:5)
  3 orc priests
  2 iguanas (D:4)
  A centaur skeleton (D:5)
  3 worker ants
  3 orc wizards
  2 hound skeletons
  2 worker ant zombies (D:5)
  Robin (D:4)
  7 gnolls
  11 adders
  3 shadow imps
  2 oozes
  An adder zombie (D:5)
  3 worms
  A dart slug (D:5)
  7 giant geckos
  15 orcs
  6 bats
  5 giant cockroaches
  18 goblins
  10 hobgoblins
  12 jackals
  2 quokkas (D:3)
  9 giant newts
  11 kobolds
  7 rats
161 creatures vanquished.

Vanquished Creatures (others)
  A bush (D:5)
1 creature vanquished.

Grand Total: 162 creatures vanquished

Notes
Turn   | Place    | Note
--------------------------------------------------------------
     0 | D:1      | LemonStealingWhore the Octopode Assassin began the quest for the Orb.
     0 | D:1      | Reached XP level 1. HP: 14/14 MP: 1/1
   165 | D:1      | Reached XP level 2. HP: 19/19 MP: 2/2
   438 | D:1      | Reached XP level 3. HP: 22/24 MP: 3/3
  1139 | D:2      | Found a deep blue altar of Sif Muna.
  1201 | D:2      | Reached skill level 1 in Spellcasting
  1487 | D:2      | Reached XP level 4. HP: 29/29 MP: 5/5
  1756 | D:3      | Noticed an ogre
  1861 | D:3      | Noticed OrbSalesman's ghost (amateur DsWn)
  1983 | D:3      | Killed OrbSalesman's ghost
  1983 | D:3      | Reached XP level 5. HP: 34/34 MP: 6/10
  2100 | D:3      | Reached XP level 6. HP: 33/39 MP: 11/11
  3029 | D:3      | Reached skill level 5 in Spellcasting
  3109 | D:3      | Found a burning altar of Makhleb.
  3163 | D:3      | Found a faded altar to an unknown god.
  3175 | D:3      | Became a worshipper of Dithmenos the Shadowed
  3175 | D:3      | Reached * piety under Dithmenos
  3413 | D:4      | Reached XP level 7. HP: 45/45 MP: 14/14
  3434 | D:4      | Found a snail-covered altar of Cheibriados.
  3435 | D:4      | Noticed Chiseanne's ghost (amateur DsMo)
  3472 | D:4      | Killed Chiseanne's ghost
  3472 | D:4      | Reached skill level 5 in Short Blades
  3472 | D:4      | Reached skill level 6 in Stealth
  3506 | D:4      | Noticed Robin
  3530 | D:4      | Killed Robin
  3814 | D:4      | Reached ** piety under Dithmenos
  3931 | D:4      | Reached XP level 8. HP: 47/50 MP: 15/15
  4110 | D:4      | Reached skill level 7 in Stealth
  4122 | D:5      | Entered Level 5 of the Dungeon
  4229 | D:5      | Identified Baguazil's Compendium of Fetching Confrontation
  4234 | D:5      | Learned a level 1 spell: Corona
  4252 | D:5      | Found a staircase to the Ecumenical Temple.
  4387 | D:5      | Got a twisted buckler
  4393 | D:5      | Identified the +0 buckler "Daasoon" {Str+2} (You found it on level 5 of the Dungeon)
  4545 | D:5      | Reached skill level 1 in Shields
  4558 | D:5      | Reached skill level 1 in Hexes
  4589 | D:5      | Found Pyfem's Jewellery Shop.
  4672 | D:5      | Found a shattered altar of Ashenzari.
  4738 | D:5      | Found a white marble altar of Elyvilon.
  5309 | D:6      | Noticed Voda's ghost (novice OpCK)
  5585 | D:5      | Gained mutation: Your natural rate of healing is unusually fast. [potion of beneficial mutation]
  5586 | D:5      | Gained mutation: You possess an exceptional clarity of mind. [potion of mutation]
  5586 | D:5      | Gained mutation: You are clumsy. (Dex -2) [potion of mutation]
  5586 | D:5      | Gained mutation: You are partially covered in icy blue scales (AC +1). [potion of mutation]
  5641 | D:5      | Reached skill level 8 in Stealth
  5690 | D:6      | Reached *** piety under Dithmenos
  5718 | D:6      | Reached XP level 9. HP: 54/54 MP: 16/16
  5739 | D:6      | Paralysed by Voda's ghost for 7 turns
  5745 | D:6      | HP: 2/54 [Voda's ghost (13)]
  5746 | D:6      | Slain by Voda's ghost

Vault maps used:
D:1:      dpeg_arrival_rooms_a, minmay_misc_feat_nine_boxes,
          kennysheep_flooded_box
D:2:      lemuel_round_altar
D:3:      nicolae_overflow_hidden_temple, ecumenical_altar_2,
          grunt_ministairs_1, st_stairs_11
D:4:      forest_paths, cheibriados_altar_1, first_bread, hangedman_glass_teeth,
          minmay_small_thing, uniq_robin
D:5:      lemuel_coloured_pillars_altar, kennysheep_little_box,
          minmay_temple_entry_trees, serial_shops, kennysheep_mini,
          kb_lookout_dungeons_type, grunt_ministairs_4
D:6:      gammafunk_temple_overflow_pools, nicolae_ru_the_path_less_chosen

Skill      XL: |  1  2  3  4  5  6  7  8 |
---------------+-------------------------+-----
Short Blades   | 3 4 6 7 |  7.6
Spellcasting   | 1 3 5 |  5.1
Stealth        | 6 8 |  8.1
Shields        | 3 |  3.4
Hexes          | 1 |  1.4
Fighting       | |  2.0
Throwing       | |  2.0
Dodging        | |  1.0

Action                   |  1- 3 |  4- 6 |  7- 9 || total
-------------------------+-------+-------+-------++-------
Melee: Dagger            |    58 |    87 |   245 ||   390
 Fire: Blowgun           |       |    10 |       ||    10
  Use: Potion            |       |     1 |     7 ||     8
       Scroll            |       |       |     9 ||     9
 Stab: Sleeping          |    18 |     9 |    31 ||    58
       Distracted        |       |       |     1 ||     1
  Eat: Chunk             |     1 |     4 |     4 ||     9
       Bread ration      |       |     1 |     1 ||     2
